Map: Port Aleksander EC

Players

Amateur - Winner!

  • Race: Zerg Zerg
  • League: Gold
  • Spawn Location: 5:00

zidar

  • Race: Zerg Zerg
  • League: Gold
  • Spawn Location: 11:00

VOD

Have the link to the VOD?

Description

Time

  • Played on: Dec. 30, 2018, 2:11 p.m.
  • Length: 5:17
Show
View Real Time Build Order
Export as new Build Order

Amateur Zerg - Winner!

Build Orders: Hatch First 

Get SALT Encoding   

  12  0:01  Drone  
  13  0:13  Overlord  
  13  0:21  Drone  
  14  0:31  Drone x2  
  14  0:35  Drone  
  17  0:56  Hatchery  
  16  0:59  Drone  
  16  1:01  Drone  
  18  1:15  Extractor  
  18  1:17  Spawning Pool  
  16  1:21  Drone  
  16  1:22  Drone  
  18  1:29  Drone  
  19  1:41  Overlord  
  19  2:06  Zergling x2  
  20  2:15  Queen x2  
  25  2:22  Zergling x2  
  25  2:25  Drone  
  25  2:26  Drone x3  
  29  2:43  Baneling Nest  
  28  2:52  Zergling x10  
  30  3:16  Hatchery  
  30  3:19  Metabolic Boost  
  29  3:28  Drone x3  
  29  3:29  Extractor  
  29  3:31  Baneling  
  29  3:34  Baneling  
  31  3:40  Baneling x2  
  21  4:04  Zergling x2  
  21  4:05  Zergling x12  
  26  4:19  Zergling x6  
  26  4:35  Zergling x2  
  27  4:39  Baneling x2  
  27  4:50  Baneling  
  27  4:53  Drone  
  27  4:54  Drone  
Show
View Real Time Build Order
Export as new Build Order

zidar Zerg 

Build Orders: Pool First 

Get SALT Encoding   

  12  0:01  Drone  
  13  0:12  Overlord  
  13  0:18  Drone  
  14  0:31  Drone x2  
  14  0:35  Drone  
  17  0:42  Extractor  
  16  0:50  Spawning Pool  
  16  0:53  Drone  
  16  0:59  Drone  
  17  1:25  Hatchery  
  17  1:29  Drone  
  17  1:41  Metabolic Boost  
  17  1:44  Drone  
  18  1:47  Zergling x2  
  18  1:51  Zergling x2  
  20  1:59  Overlord  
  20  2:18  Spine Crawler  
  20  2:20  Zergling x4  
  21  2:33  Queen  
  21  2:37  Zergling x2  
  24  2:48  Zergling x4  
  26  3:03  Zergling x4  
  26  3:04  Zergling x4  
  30  3:11  Queen  
  32  3:23  Baneling Nest  
  31  3:29  Zergling x4  
  31  3:30  Zergling x2  
  27  3:59  Zergling x2  
  27  4:00  Zergling x12  
  30  4:21  Zergling x4  
  30  4:22  Zergling x2  
  30  4:32  Zergling x4  
  32  4:40  Baneling x3  
  32  4:41  Baneling  
  32  4:44  Zergling x6  
Tags
 
Add a new tag
Caveats
  • Supply blocks, unpowered buildings, or Contaminate may cause inaccurate times.
  • Supply counts are checked every 10 seconds.